 Dungeon Sprint DCSS version 0.17.1-1-g73c8601 (webtiles) character file.

13762 2bobheros the Fencer (level 12, -4/74 HPs)
             Began as a Vine Stalker Berserker on Jan 20, 2016.
             Was a High Priest of Trog.
             Killed from afar by a storm dragon (20 damage)
             ... with a bolt of lightning
             ... in the Dungeon (Sprint II: "The Violet Keep of Menkaure").
             The game lasted 00:14:35 (1186 turns).

2bobheros the Fencer (Vine Stalker Berserker)       Turns: 1186, Time: 00:14:35

Health: -4/74      AC: 13    Str: 20    XL:     12   Next: 9%
Magic:  0/4        EV: 24    Int: 10    God:    Trog [*****.]
Gold:   363        SH:  0    Dex: 24    Spells: 0 memorised, 11 levels left

rFire  . . .     SeeInvis .     a - +5 great sword (antimagic)
rCold  . . .     Clarity  .     t - +0 scale mail
rNeg   . . .     SustAt   .     (shield currently unavailable)
rPois  .         Gourm    .     u - +1 helmet {Int+3}
rElec  .         Spirit   +     w - +0 cloak
rCorr  .         Warding  .     x - +0 pair of gloves
rMut   .         NoTele   +     v - +0 pair of boots
MR     +++..                    (no amulet)
Stlth  ++++......               (no ring)
                                (no ring)

@: agile, regenerating, extremely resistant to hostile enchantments, stealthy
A: fangs 3, regeneration 3, magic shield, antimagic bite, no device heal 3, rot
immunity
a: Berserk, Trog's Hand, Brothers in Arms, Burn Spellbooks, Renounce Religion


You were in the Dungeon.
You worshipped Trog.
Trog was extremely pleased with you.
You were not hungry.

You visited 1 branch You collected 1631 gold pieces.
You spent 1268 gold pieces at shops.

Inventory:

Hand Weapons
 a - a +5 antimagic great sword (weapon)
 j - a +4 triple crossbow of evasion
 q - a +0 long sword
Missiles
 e - 8 needles of frenzy
 k - 2 javelins of returning (quivered)
Armour
 t - a +0 scale mail (worn)
 u - a +1 helmet of intelligence (worn)
 v - a +0 pair of boots (worn)
 w - a +0 cloak (worn)
 x - a +0 pair of gloves (worn)
Scrolls
 b - a scroll of fear
 i - a scroll of blinking
 l - a scroll of fog
 n - 5 scrolls of identify
 o - a scroll of remove curse
Potions
 d - 3 potions of flight
 f - a potion of haste
 g - 2 potions of magic
 h - a potion of berserk rage
 m - a potion of curing
 r - 2 potions of might
Comestibles
 c - 9 chunks of flesh
 p - a meat ration
 z - a royal jelly


   Skills:
 + Level 14.1 Fighting
 * Level 18.8 Long Blades
 + Level 5.0 Armour
 - Level 9.4 Dodging
 - Level 9.3 Stealth


You had 11 spell levels left.
You didn't know any spells.

Dungeon Overview and Level Annotations

Branches:
Dungeon (1/1)

Altars:
Cheibriados
Dithmenos
Elyvilon
Fedhas
Gozag
Kikubaaqudgha
Makhleb
Nemelex Xobeh
Okawaru
Qazlal
Ru
Sif Muna
Trog
Vehumet
Xom
Yredelemnul
Zin
The Shining One
Beogh
Jiyva
Lugonu

Shops:
D (*?%:?!!}([:%*:(%(=!(([=[!*:

Annotations:
D exclusion: oklob plant


Innate Abilities, Weirdness & Mutations

You have razor-sharp teeth.
You regenerate.
When hurt, damage is shared between your health and your magic reserves.
Your bite disrupts and absorbs the magic of your enemies.
Potions and wands cannot restore your health.
You are immune to rotting.


Message History

The hellwing gives a chilling moan.
You hear a shout!
Something shouts, "Flee, thou warped hell-hated nobody!"
Something shouts, "Remove thy stench, thou wayward weevil-witted hugger-mugger!"
You hear a shout!
You slice the storm dragon!!
You bite the storm dragon, but do no damage.
The storm dragon is almost dead.
The storm dragon barely misses you.
The storm dragon claws you but does no damage.
The storm dragon tramples you.
* * * LOW HITPOINT WARNING * * *
You stumble backwards!
You closely miss the storm dragon.
You bite the storm dragon, but do no damage.
The storm dragon is severely wounded.
You closely miss the storm dragon.
The storm dragon is severely wounded.
The storm dragon breathes lightning at you.
The bolt of lightning hits you!
You die...

########### #......').#
#?)....#@.####
#'######D##÷.####+####
#∩∩∩∩∩∩#..'.##§§§§≈≈§##
#∩∩∩∩∩∩#)4###≈≈§§§≈≈§≈##
#########).+§§§§§§§§§§≈#
#..(####S§S≈§S≈§§
CDD2.).).≈##§§§S≈§
############≈≈#+++#+++##
###########≈≈≈.........#


You could see a storm dragon and a hellwing.

Vanquished Creatures
  Kirke (D)
  A fire dragon (D)
  A yaktaur captain (D)
  A centaur warrior (D)
  An iron elemental (D)
  A skeletal warrior (D)
  3 griffons (D)
  A siren (D)
  An elephant (D)
  A yaktaur (D)
  A kobold demonologist (D)
  3 polar bears (D)
  2 wyverns (D)
  2 redbacks (D)
  3 hippogriffs (D)
  Menkaure (D)
  A wasp (D)
  5 necrophages (D)
  4 crocodiles (D)
  A hell rat (D)
  An iron imp (D)
  4 worker ants (D)
  3 worms (D)
43 creatures vanquished.

Vanquished Creatures (collateral kills)
  A golden dragon (D)
  A frost giant (D)
  A cacodemon (D)
  11 flying skulls (D)
14 creatures vanquished.

Vanquished Creatures (others)
  4 tentacles (D)
  67 tentacle segments (D)
71 creatures vanquished.

Grand Total: 128 creatures vanquished

Notes
Turn   | Place    | Note
--------------------------------------------------------------
     0 | D        | 2bobheros the Vine Stalker Berserker began the quest for the Orb.
     0 | D        | Reached XP level 1. HP: 11/11 MP: 2/2
     8 | D        | Reached skill level 3 in Fighting
    12 | D        | Reached ** piety under Trog
    12 | D        | Reached skill level 4 in Long Blades
    12 | D        | Reached XP level 2. HP: 5/16 MP: 3/3
    68 | D        | Noticed a necrophage
    68 | D        | Noticed a necrophage
    68 | D        | Noticed a necrophage
    68 | D        | Noticed a necrophage
    73 | D        | Killed a necrophage
    73 | D        | Reached skill level 5 in Fighting
    73 | D        | Reached skill level 7 in Long Blades
    73 | D        | Reached XP level 3. HP: 23/23 MP: 4/4
    73 | D        | Reached XP level 4. HP: 27/27 MP: 5/5
    77 | D        | Killed a necrophage
    77 | D        | Reached skill level 8 in Long Blades
    77 | D        | Reached XP level 5. HP: 21/32 MP: 4/6
    82 | D        | Killed a necrophage
    82 | D        | Reached skill level 9 in Long Blades
    82 | D        | Gained mutation: You heal very quickly. [Vine Stalker growth]
    82 | D        | Reached XP level 6. HP: 25/38 MP: 7/7
    85 | D        | Killed a necrophage
    85 | D        | Reached skill level 10 in Long Blades
   122 | D        | Noticed a worker ant
   122 | D        | Noticed a worker ant
   125 | D        | Noticed a worker ant
   125 | D        | Noticed a worker ant
   129 | D        | Killed a worker ant
   132 | D        | Killed a worker ant
   134 | D        | Killed a worker ant
   134 | D        | Reached *** piety under Trog
   134 | D        | Reached skill level 11 in Long Blades
   139 | D        | Killed a worker ant
   139 | D        | Reached XP level 7. HP: 26/43 MP: 8/8
   230 | D        | Noticed a siren
   240 | D        | Killed a siren
   240 | D        | Reached skill level 12 in Long Blades
   274 | D        | Noticed a lava snake
   275 | D        | Noticed Menkaure
   279 | D        | Killed Menkaure
   279 | D        | Reached **** piety under Trog
   279 | D        | Gained mutation: You have razor-sharp teeth. [Vine Stalker growth]
   279 | D        | Reached XP level 8. HP: 49/49 MP: 9/9
   281 | D        | Found Vuigun's General Store.
   282 | D        | Found Ilock's Antique Armour Shop.
   282 | D        | Found Ytuhoe's Distillery.
   283 | D        | Found Kuxautec's Antique Armour Boutique.
   283 | D        | Found Optuoh's Jewellery Shop.
   283 | D        | Found Teklug's Book Shop.
   284 | D        | Found Alluywuj's Jewellery Shop.
   284 | D        | Found Zifiuritt's Distillery.
   285 | D        | Found Uhaxyon's Antique Weapon Shop.
   286 | D        | Found Syof's Food Shop.
   286 | D        | Found Ynurghapp's Book Boutique.
   290 | D        | Found Lomidil's Gadget Shop.
   290 | D        | Found Sagronwy's Distillery.
   290 | D        | Noticed an ice dragon
   290 | D        | Noticed an oklob plant
   291 | D        | Found Ycoru's Food Shop.
   291 | D        | Found Tackeuc's Magic Scroll Boutique.
   291 | D        | Found Habaeb's Book Shoppe.
   299 | D        | Noticed a hell hog
   302 | D        | Bought a potion of agility for 56 gold pieces
   302 | D        | Bought a potion of invisibility for 112 gold pieces
   302 | D        | Noticed a hell hog
   303 | D        | Bought a scroll of random uselessness for 10 gold pieces
   303 | D        | Bought a scroll of identify for 20 gold pieces
   303 | D        | Bought a scroll of remove curse for 30 gold pieces
   305 | D        | Bought a meat ration for 55 gold pieces
   308 | D        | Bought a long sword for 91 gold pieces
   311 | D        | Bought a potion of haste for 100 gold pieces
   311 | D        | Bought a potion of degeneration for 10 gold pieces
   311 | D        | Bought a potion of might for 40 gold pieces
   311 | D        | Bought a potion of poison for 10 gold pieces
   314 | D        | Bought a scale mail for 76 gold pieces
   314 | D        | Bought a shiny helmet for 85 gold pieces
   314 | D        | Bought a pair of boots for 85 gold pieces
   337 | D        | Bought a cloak for 112 gold pieces
   352 | D        | Bought a scroll of identify for 20 gold pieces
   352 | D        | Bought a scroll of identify for 20 gold pieces
   352 | D        | Bought 2 scrolls of identify for 40 gold pieces
   363 | D        | Noticed a flying skull
   364 | D        | Noticed a hell rat
   378 | D        | Killed a hell rat
   394 | D        | Noticed a flying skull
   395 | D        | Noticed a flying skull
   395 | D        | Noticed a flying skull
   395 | D        | Noticed a flying skull
   395 | D        | Noticed a flying skull
   395 | D        | Noticed a flying skull
   395 | D        | Noticed a flying skull
   395 | D        | Noticed a flying skull
   396 | D        | Noticed a flying skull
   396 | D        | Noticed a flying skull
   396 | D        | Noticed a flying skull
   399 | D        | Noticed a crocodile
   407 | D        | Killed a crocodile
   457 | D        | Found a bloodstained altar of Trog.
   458 | D        | Found an iron altar of Okawaru.
   458 | D        | Found a basalt altar of Yredelemnul.
   458 | D        | Found a corrupted altar of Lugonu.
   459 | D        | Found a shimmering altar of Xom.
   459 | D        | Found a blossoming altar of Fedhas.
   459 | D        | Found a glowing golden altar of the Shining One.
   460 | D        | Found a shadowy altar of Dithmenos.
   460 | D        | Found a stormy altar of Qazlal.
   460 | D        | Found a burning altar of Makhleb.
   461 | D        | Found a white marble altar of Elyvilon.
   461 | D        | Found a deep blue altar of Sif Muna.
   461 | D        | Found a roughly hewn altar of Beogh.
   462 | D        | Found a sparkling altar of Nemelex Xobeh.
   462 | D        | Found a glowing silver altar of Zin.
   465 | D        | Noticed a wyvern
   471 | D        | Killed a wyvern
   472 | D        | Noticed a wyvern
   473 | D        | Killed a wyvern
   473 | D        | Reached skill level 13 in Long Blades
   473 | D        | Reached skill level 5 in Dodging
   526 | D        | Found a sacrificial altar of Ru.
   527 | D        | Noticed a yaktaur
   527 | D        | Noticed a wasp
   527 | D        | Noticed a polar bear
   528 | D        | Noticed a polar bear
   534 | D        | Killed a polar bear
   534 | D        | Reached ***** piety under Trog
   534 | D        | Reached skill level 10 in Fighting
   539 | D        | Noticed a polar bear
   540 | D        | Killed a polar bear
   540 | D        | Reached XP level 9. HP: 54/54 MP: 10/10
   546 | D        | Killed a wasp
   546 | D        | Received a gift from Trog
   553 | D        | Killed a polar bear
   553 | D        | Reached skill level 14 in Long Blades
   562 | D        | Killed a yaktaur
   588 | D        | Found a viscous altar of Jiyva.
   590 | D        | Noticed a crocodile
   593 | D        | Noticed a crocodile
   598 | D        | Noticed a kraken
   624 | D        | Found a radiant altar of Vehumet.
   624 | D        | Found a snail-covered altar of Cheibriados.
   628 | D        | Killed a crocodile
   629 | D        | Killed a crocodile
   630 | D        | Found an ancient bone altar of Kikubaaqudgha.
   630 | D        | Found an opulent altar of Gozag.
   637 | D        | Noticed a crocodile
   643 | D        | Killed a crocodile
   716 | D        | Killed a flying skull
   716 | D        | Killed a flying skull
   718 | D        | Killed a flying skull
   718 | D        | Reached skill level 1 in Stealth
   721 | D        | Killed a flying skull
   722 | D        | Killed a flying skull
   723 | D        | Killed a flying skull
   724 | D        | Killed a flying skull
   725 | D        | Killed a flying skull
   725 | D        | Reached skill level 15 in Long Blades
   727 | D        | Killed a flying skull
   736 | D        | Killed a flying skull
   736 | D        | Reached XP level 10. HP: 56/61 MP: 9/11
   737 | D        | Killed a flying skull
   760 | D        | Bought a potion of flight for 39 gold pieces
   772 | D        | Noticed an elephant
   772 | D        | Noticed a centaur warrior
   772 | D        | Noticed Kirke
   772 | D        | Noticed a skeletal warrior
   772 | D        | Noticed a kobold demonologist
   772 | D        | Noticed a yaktaur captain
   780 | D        | Noticed a redback
   783 | D        | Killed a kobold demonologist
   785 | D        | Killed a redback
   785 | D        | Received a gift from Trog
   786 | D        | Noticed a redback
   791 | D        | Killed a yaktaur captain
   794 | D        | Killed a centaur warrior
   801 | D        | Killed Kirke
   801 | D        | Reached skill level 16 in Long Blades
   801 | D        | Reached XP level 11. HP: 65/67 MP: 9/12
   810 | D        | Killed a redback
   909 | D        | Killed a skeletal warrior
   917 | D        | Noticed a lava snake
   918 | D        | Noticed a lava snake
   922 | D        | Killed an elephant
   926 | D        | Noticed a lava snake
   952 | D        | Noticed a necrophage
   952 | D        | Noticed an iron imp
   954 | D        | Killed an iron imp
   955 | D        | Killed a necrophage
   963 | D        | Noticed a fire dragon
   971 | D        | Killed a fire dragon
   971 | D        | Reached skill level 17 in Long Blades
  1022 | D        | Noticed an iron elemental
  1022 | D        | Noticed a griffon
  1022 | D        | Noticed a hippogriff
  1022 | D        | Noticed a hippogriff
  1022 | D        | Noticed a griffon
  1022 | D        | Noticed a griffon
  1022 | D        | Noticed a hippogriff
  1033 | D        | Killed a hippogriff
  1033 | D        | Reached ****** piety under Trog
  1033 | D        | Received a gift from Trog
  1036 | D        | Killed a hippogriff
  1038 | D        | Killed a griffon
  1038 | D        | Received a gift from Trog
  1039 | D        | Killed a hippogriff
  1051 | D        | Killed an iron elemental
  1054 | D        | Killed a griffon
  1058 | D        | Killed a griffon
  1058 | D        | Reached skill level 18 in Long Blades
  1113 | D        | Found Jiegibb's Weapon Emporium.
  1113 | D        | Found Yhin Nurgh's General Store.
  1114 | D        | Found Vajon's Magic Scroll Shop.
  1114 | D        | Found Puudeofuu's Antique Weapon Shoppe.
  1114 | D        | Found Leifeop's General Store.
  1114 | D        | Found Opuysiaf's Food Emporium.
  1114 | D        | Found Tutajofigu's Antique Weapon Shop.
  1114 | D        | Found Xoolevia's Distillery.
  1114 | D        | Found Oprenn's Armour Boutique.
  1114 | D        | Found Ireur's Book Emporium.
  1114 | D        | Found Tashrexi's Antique Weapon Shop.
  1114 | D        | Found Geph's Antique Weapon Shoppe.
  1118 | D        | Bought a scroll of fog for 28 gold pieces
  1119 | D        | Bought a potion of curing for 30 gold pieces
  1119 | D        | Bought a potion of agility for 40 gold pieces
  1119 | D        | Bought a potion of might for 40 gold pieces
  1120 | D        | Bought a +0 pair of gloves for 49 gold pieces
  1129 | D        | Bought a scroll of fear for 42 gold pieces
  1131 | D        | Bought a royal jelly for 28 gold pieces
  1148 | D        | Noticed a storm dragon
  1148 | D        | Noticed a golden dragon
  1148 | D        | Noticed a cacodemon
  1149 | D        | Noticed a bone dragon
  1151 | D        | Noticed a frost giant
  1155 | D        | Noticed a deep elf high priest
  1171 | D        | Killed a cacodemon
  1175 | D        | Killed a frost giant
  1175 | D        | Received a gift from Trog
  1176 | D        | Noticed an ice devil
  1181 | D        | Killed a golden dragon
  1181 | D        | Reached skill level 5 in Armour
  1181 | D        | Gained mutation: You regenerate. [Vine Stalker growth]
  1181 | D        | Reached XP level 12. HP: 15/74 MP: 2/13
  1186 | D        | Killed from afar by a storm dragon

Action                   |  1- 3 |  4- 6 |  7- 9 | 10-12 || total
-------------------------+-------+-------+-------+-------++-------
Melee: Falchion          |    13 |    21 |    10 |       ||    44
       Long sword        |       |       |    76 |    25 ||   101
       Great sword       |       |       |       |    57 ||    57
Invok: Berserk           |     2 |     1 |     5 |     2 ||    10
       Trog's Hand       |       |       |     4 |     3 ||     7
       Brothers in Arms  |       |       |     1 |     2 ||     3
  Use: Potion            |       |       |       |     6 ||     6
 Stab: Invisible         |       |       |       |     7 ||     7
       Sleeping          |       |       |       |     4 ||     4
       Distracted        |       |       |       |     2 ||     2
  Eat: Chunk             |       |       |     9 |       ||     9
       Bread ration      |       |       |       |     1 ||     1
